 Dungeon Crawl Stone Soup version 0.30.1 (webtiles) character file.

Game seed: 8456961600683621516

1261 spardeous the Geomancer (level 8, -12/31 HPs)
             Began as a Felid Earth Elementalist on July 12, 2023.
             Mangled by a boulder beetle (43 damage)
             ... on level 7 of the Dungeon.
             The game lasted 00:10:12 (4659 turns).

spardeous the Geomancer (Felid Earth Elementalist)  Turns: 4659, Time: 00:10:13

Health: -12/31     AC:  2    Str:  4    XL:     8   Next: 27%
Magic:  16/16      EV: 19    Int: 19    God:
Gold:   133        SH:  0    Dex: 16    Spells: 12/16 levels left
                                        Lives:  0   Deaths: 2

rFire   . . .        (weapon unavailable)
rCold   . . .        (shield unavailable)
rNeg    . . .        (body armour unavailable)
rPois   .            (helmet unavailable)
rElec   .            (cloak unavailable)
rCorr   .            (gloves unavailable)
SInv    +            (boots unavailable)
Will    +....        (no amulet)
Stlth   ++           (no ring)
HPRegen 0.25/turn    (no ring)
MPRegen 0.15/turn

%: no passive effects
@: quick
A: very small, claws 1, fangs 3, see invisible, speed 1, shaggy fur 2, stealthy
paws, no weapons or thrown items, no armour, multi-lived
a: no special abilities


You were on level 7 of the Dungeon.
You visited 1 branch of the dungeon, and saw 7 of its levels.

You collected 133 gold pieces.

Inventory:

Scrolls
 c - a scroll of noise
 d - 3 scrolls of identify
 f - 2 scrolls of vulnerability {unknown}
 g - 2 scrolls of teleportation {unknown}
 i - a scroll of enchant armour {unknown}
Potions
 a - 3 potions of magic
 b - a potion of degeneration {unknown}
 e - 2 potions of lignification {unknown}
 h - a potion of flight {unknown}


   Skills:
 - Level 5.0 Dodging
 - Level 2.6 Stealth
 + Level 4.9 Spellcasting
 - Level 1.1 Transmutations
 + Level 9.5 Earth Magic


You had 12 spell levels left.
You knew the following spells:

 Your Spells              Type           Power      Damage    Failure   Level
a - Sandblast             Erth           80%        2d17      1%          1
b - Stone Arrow           Conj/Erth      44%        3d9       5%          3

Your spell library contained the following spells:

 Spells                   Type           Power      Damage    Failure   Level
 Passwall                 Tmut/Erth      20%        N/A       2%          2
 Necrotise                Necr           16%        1d4       13%         1
 Petrify                  Tmut/Erth      24%        N/A       14%         4
 Blink                    Tloc           8%         N/A       19%         2
 Frozen Ramparts          Ice            8%         1d2       36%         3
 Inner Flame              Hex/Fire       4%         N/A       36%         3
 Vampiric Draining        Necr           4%         2d6       36%         3
 Ice Form                 Ice/Tmut       6%         N/A       69%         4
 Manifold Assault         Tloc           4%         N/A       77%         4
 Summon Ice Beast         Ice/Summ       4%         N/A       77%         4
 Yara's Violent Unravell  Hex/Tmut       3%         3d4       95%         5
 Agony                    Necr           4%         N/A       98%         5
 Enfeeble                 Hex            2%         N/A       100%        7
 Storm Form               Tmut/Air       3%         N/A       100%        7


Dungeon Overview and Level Annotations

Branches:
Dungeon (7/15)             Temple (0/1) D:6

Altars:
Ashenzari
Makhleb
Qazlal
Sif Muna
Uskayaw
Wu Jian
Xom

Annotations:
D:5 3 runed translucent doors, Dowan; Duvessa; superradish's ghost, amateur OpBr


Innate Abilities, Weirdness & Mutations

You have sharp claws.
You have razor-sharp teeth.
You have supernaturally acute eyesight. (SInv)
You cover ground quickly. (Speed+)
You are covered in thick fur. (AC +2)
Your paws help you pounce on unaware monsters.
You are incapable of wielding weapons or throwing items.
You cannot wear armour.
You gain extra lives every three experience levels.


Message History

Aim: a scorpion (85% to hit)
The blast of sand hits the scorpion.
The scorpion is lightly wounded.
Casting: Sandblast (safe; 1% risk of failure)
Confirm with . or Enter, or press ? or * to list all spells.
Aiming: Sandblast (safe; 1% risk of failure)
Press: ? - help, Shift-Dir - straight line, f/p - scorpion
Aim: a scorpion (lightly wounded, 85% to hit)
The blast of sand hits the scorpion!
The scorpion is severely wounded.
The scorpion closely misses you.
Casting: Sandblast (safe; 1% risk of failure)
Confirm with . or Enter, or press ? or * to list all spells.
Aiming: Sandblast (safe; 1% risk of failure)
Press: ? - help, Shift-Dir - straight line, f/p - scorpion
Aim: a scorpion (severely wounded, 85% to hit)
The blast of sand hits the scorpion!
You kill the scorpion!
Casting: Sandblast (safe; 1% risk of failure)
Confirm with . or Enter, or press ? or * to list all spells.
You can't see any susceptible monsters within range! (Use Z to cast anyway.) Unknown command.
The boulder beetle curls into a ball and begins rolling!
A bullfrog comes into view.
The boulder beetle barely misses you.
The boulder beetle stops rolling and uncurls.
Found a plate armour.
The boulder beetle curls into a ball and begins rolling!
The boulder beetle attacks as you move away!
The boulder beetle closely misses you.
The boulder beetle stops rolling and uncurls.
You start waiting.
A boulder beetle is nearby!
The boulder beetle curls into a ball and begins rolling!
The boulder beetle closely misses you.
The boulder beetle stops rolling and uncurls.
The boulder beetle curls into a ball and begins rolling!
The boulder beetle hits you!!!
Ouch! That really hurt!
You die...

.............##..........###
....##.................###
##.#....................#
#.#......)...........###
#.............>###...##
##............<.#.....#
##.......###..........#
#........##...........#
##.###..####...@B○°°..## #.#
#..####..######°..## ###
#....#....°°B.○....#
###..#.......####..##
#....##......# ####
##.........## ##....#......#
#..........### ###......#.#


You could see a boulder beetle (rolling).

Vanquished Creatures
  Pikel (D:4)
  Eustachio (D:6)
  An ice beast (D:6)
  A black bear (D:4)
  A centaur (D:5)
  2 lemures (D:4)
  A bullfrog (D:6)
  2 scorpions
  3 jellies (D:6)
  3 hounds
  A gnoll bouda (D:4)
  3 orc priests
  2 sleepcaps (D:6)
  7 iguanas
  2 orc wizards (D:4)
  10 gnolls
  3 adders
  A white imp (D:6)
  3 dart slugs
  19 orcs
  4 hobgoblins
  3 kobolds
  A quokka (D:4)
  4 ball pythons
79 creatures vanquished.

Vanquished Creatures (others)
  An orc wizard (D:4)
1 creature vanquished.

Grand Total: 80 creatures vanquished

Notes
Turn   | Place    | Note
-------+----------+-------------------------------------------
     0 | D:1      | spardeous the Felid Earth Elementalist began the quest for
                  | the Orb.
     0 | D:1      | Reached XP level 1. HP: 7/7 MP: 4/4
    25 | D:1      | Found a faded altar of an unknown god.
   157 | D:2      | Reached skill level 3 in Earth Magic
   157 | D:2      | Reached XP level 2. HP: 11/11 MP: 1/6
   241 | D:3      | Found a broken altar of Ashenzari.
   427 | D:4      | Found a shimmering altar of Xom.
   521 | D:4      | Noticed a black bear
   635 | D:4      | Killed a black bear
   636 | D:4      | Reached skill level 5 in Dodging
   636 | D:4      | Reached skill level 4 in Earth Magic
   636 | D:4      | Reached XP level 3. HP: 12/14 MP: 2/7
   636 | D:4      | Reached XP level 4. HP: 15/18 MP: 2/8
   696 | D:4      | Learned a level 3 spell: Stone Arrow
   717 | D:4      | Noticed a lemure
   718 | D:4      | Noticed Pikel
   718 | D:4      | Noticed a lemure
   718 | D:4      | Noticed a lemure
   718 | D:4      | Noticed a lemure
   963 | D:4      | Reached XP level 5. HP: 21/21 MP: 6/9
  1361 | D:4      | Reached skill level 5 in Earth Magic
  1680 | D:4      | Gained mutation: You are covered in thick fur. (AC +2)
                  | [Felid growth]
  1680 | D:4      | Reached XP level 6. HP: 24/24 MP: 7/10
  1718 | D:4      | Killed from afar by an orc wizard
  1719 | D:4      | Reached XP level 5. HP: -1/21 MP: 8/9
  1787 | D:4      | Killed a lemure
  1838 | D:4      | Reached skill level 6 in Earth Magic
  2005 | D:4      | Reached XP level 6. HP: 16/24 MP: 4/10
  2211 | D:4      | Killed Pikel
  2212 | D:4      | Reached skill level 8 in Earth Magic
  2212 | D:4      | Reached XP level 7. HP: 10/27 MP: 2/11
  2486 | D:5      | Entered Level 5 of the Dungeon
  2499 | D:5      | Found a runed translucent gate.
  2499 | D:5      | Found a runed translucent gate.
  2500 | D:5      | Found a runed translucent gate.
  2501 | D:5      | Noticed superradish's ghost (amateur OpBr)
  2820 | D:5      | Found a shimmering blue altar of Sif Muna.
  3022 | D:5      | Noticed Duvessa
  3030 | D:5      | Noticed Dowan
  3043 | D:5      | Slain by Duvessa
  3044 | D:5      | Reached XP level 6. HP: -3/24 MP: 4/10
  3169 | D:5      | Found an ornate altar of the Wu Jian Council.
  3305 | D:5      | Found a burning altar of Makhleb.
  3521 | D:6      | Noticed an ice beast
  3522 | D:6      | Found a staircase to the Ecumenical Temple.
  3540 | D:6      | Killed an ice beast
  3541 | D:6      | Reached XP level 7. HP: 27/27 MP: 9/12
  3667 | D:6      | Noticed Eustachio
  3794 | D:6      | Found a hide-covered altar of Uskayaw.
  3898 | D:6      | Found a stormy altar of Qazlal.
  3930 | D:6      | Reached skill level 9 in Earth Magic
  4129 | D:6      | Killed Eustachio
  4130 | D:6      | Reached XP level 8. HP: 31/31 MP: 11/15
  4468 | D:7      | Found a faded altar of an unknown god.
  4468 | D:7      | Found the Hermit's Pendant {Faith Invo=14 Evo=0 MP+5}
  4469 | D:7      | Noticed a boulder beetle
  4659 | D:7      | Mangled by a boulder beetle

Illustrated notes

Levels and vault maps discovered:
D:1:      tarquinn_simple_flora_water_e, layout_rooms,
          ebering_ecumenical_altar_mist, minmay_pentomino_r2
D:2:      layout_basic, eino_tiny_chamber
D:3:      layout_loops_ring, mainiacjoe_overflow_concentric_impassable
D:4:      layout_gridville, mainiacjoe_overflow_catwalk, serial_bayou_lake_a,
          uniq_pikel
D:5:      layout_basic, mainiacjoe_overflow_small_starburst,
          nzn_wu_jian_council_hall, makhleb_blood_cavern_becter,
          gammafunk_ghost_split, uniq_duvessa
D:6:      layout_loops_ring, grunt_qazlal_clouds,
          mainiacjoe_overflow_six_doors_small, minmay_temple_entry_proselytizer,
          minmay_fountain_box, uniq_eustachio
D:7:      layout_cave_pools, hellmonk_guarded_unrand_hermit, uniq_menkaure

Skill      XL: |  1  2  3  4  5  6  7 |
---------------+----------------------+-----
Dodging        | 3 5 |  5.0
Earth Magic    | 3 4 6 8 9 |  9.5
Spellcasting   | 3 4 |  4.9
Stealth        | |  2.6
Transmutations | |  1.1

Action                     |  1- 3 |  4- 6 |  7- 9 || total
---------------------------+-------+-------+-------++-------
  Melee: Unarmed           |       |     4 |       ||     4
         Bite              |       |     1 |       ||     1
   Cast: Sandblast         |    27 |    92 |    75 ||   194
    Use: Scroll            |       |     2 |       ||     2
 Armour: Skin              |       |       |     1 ||     1
  Dodge: Dodged            |     5 |    37 |    33 ||    75
